 Dungeon Crawl Stone Soup version 0.30-a0-168-g0b976cbdc4 (webtiles) character file.

Game seed: 15829732955857325971

72 qw the Chopper (level 4, 0/28 HPs)
             Began as a Gargoyle Fighter on Sept 29, 2022.
             Killed from afar by Natasha (3 damage)
             ... with a magic dart
             ... on level 2 of the Dungeon.
             The game lasted 00:00:28 (1399 turns).

qw the Chopper (Gargoyle Fighter)                   Turns: 1399, Time: 00:00:28

Health: 0/28       AC: 12    Str: 22    XL:     4   Next: 25%
Magic:  4/4        EV:  9    Int:  8    God:
Gold:   49         SH:  9    Dex:  9    Spells: 3/3 levels left

rFire   . . .      SeeInvis +    Y - +0 war axe
rCold   . . .      Faith    .    c - +0 buckler
rNeg    + . .      Spirit   .    b - +0 scale mail
rPois   inf        Reflect  +    (no helmet)
rElec   +          Harm     .    g - +1 cloak
rCorr   .          Rampage  .    (no gloves)
Will    .....                    (no boots)
Stlth   ..........               e - amulet of reflection
HPRegen 0.09/turn                l - ring of see invisible
MPRegen 0.09/turn                (no ring)

@: about to teleport
A: sickness immunity, AC +3, negative energy resistance 1, electricity
resistance, torment resistance 1, petrification resistance
a: no special abilities


You were on level 2 of the Dungeon.
You visited 1 branch of the dungeon, and saw 2 of its levels.

You collected 49 gold pieces.


Innate Abilities, Weirdness & Mutations

You are immune to sickness and miasma.
Your stone body is resilient. (AC +3)
You are immune to poison.
You resist negative energy. (rN+)
You are resistant to electric shocks. (rElec)
You are resistant to unholy torment.
You are immune to petrification.


   Skills:
 - Level 3.2 Fighting
 + Level 4.0 Axes
 - Level 3.2 Armour
 - Level 3.2 Shields


You had 3 spell levels left.
You didn't know any spells.
Your spell library was empty.

Inventory:

Hand Weapons
 i - a +0 flail
 Y - a +0 war axe (weapon)
Armour
 b - a +0 scale mail (worn)
 c - a +0 buckler (worn)
 g - a +1 cloak (worn)
Jewellery
 e - an amulet of reflection (around neck)
 l - a ring of see invisible (left hand)
Scrolls
 a - 2 scrolls of teleportation
 f - 3 scrolls of poison {unknown}
Potions
 d - a potion of might

Dungeon Overview and Level Annotations

Branches:
Dungeon (2/15)

Altars:

Annotations:
D:2 Natasha


Message History

You closely miss the jackal. The jackal bites you.
Natasha claws you but does no damage. You block the jackal's attack.
You hit Natasha but do no damage.
Natasha is heavily wounded.
You closely miss the jackal.
The jackal bites you but does no damage.
Natasha mumbles some strange words.
Natasha's front paws start to glow.
Natasha claws you but does no damage.
The jackal bites you but does no damage.
Natasha claws you but does no damage.
You closely miss Natasha.
Natasha is heavily wounded.
The jackal barks!
You hit the jackal but do no damage. The jackal closely misses you.
The jackal bites you but does no damage.
You block Natasha's attack.
You barely miss Natasha.
Natasha is heavily wounded.
You barely miss the jackal. The jackal closely misses you. Natasha claws you!
You block the jackal's attack. Natasha claws you but does no damage.
1398 ||| READING 3 scrolls of teleportation.
As you read the scroll of teleportation, it crumbles to dust.
You feel strangely unstable. You block the jackal's attack. x2
Natasha mumbles some strange words.
Natasha's front paws start to glow.
Natasha stares at you and mumbles some strange words.
You resist with some effort.
You slash Natasha!
Natasha is almost dead.
You barely miss the jackal.
The jackal bites you but does no damage.
The jackal barely misses you.
Natasha stares at you and mumbles some strange words.
The magic dart hits you.
You die...

#.# #.. #.# #
########.##### ..
#.....##.#...## #.##
#.....##(.###.####.....
####.......%###...#.....#
....<....##.###.#h....###
####.....##.#..h@h........
#########..#########.##
#.. ##w# .# .+


You could see Natasha and 2 jackals.

Vanquished Creatures
  Natasha (D:2)
  3 dart slugs
  4 bats (D:1)
  3 endoplasms
  A giant cockroach (D:1)
  2 goblins (D:1)
  6 hobgoblins
  8 jackals
  2 ball pythons
  4 kobolds (D:1)
  A rat (D:1)
35 creatures vanquished.

Notes
Turn   | Place    | Note
-------+----------+-------------------------------------------
     0 | D:1      | qw the Gargoyle Fighter began the quest for the Orb.
     0 | D:1      | Reached XP level 1. HP: 14/14 MP: 1/1
     0 | D:1      | 0 ||| qw: Version: 0.2-a-12-gaebbb33
     0 | D:1      | 0 ||| qw: Game counter: 1191
     0 | D:1      | 0 ||| qw: Always use a shield: true
     0 | D:1      | 0 ||| qw: God list: Okawaru
     0 | D:1      | 0 ||| qw: Allow faded altars: false
     0 | D:1      | 0 ||| qw: Do Orc after D:15 true
     0 | D:1      | 0 ||| qw: Do second Lair branch before Depths: true
     0 | D:1      | 0 ||| qw: Lair rune preference: random
     0 | D:1      | 0 ||| qw: Plans: Normal, Zot:1-4, God:TSO, Crypt, Tomb,
                  | Pan, Slime:5, Hells, Abyss, Orb
     0 | D:1      | 0 ||| PLANNING D:1-11
    42 | D:1      | HP: 3/14 [frozen (1)]
    44 | D:1      | Reached skill level 2 in Axes
   309 | D:1      | 309 ||| Stepping ~*~*~tactically~*~*~ (stealth).
   323 | D:1      | Reached XP level 2. HP: 12/19 MP: 2/2
   349 | D:1      | 349 ||| Stepping ~*~*~tactically~*~*~ (stealth).
   580 | D:1      | 580 ||| DROPPING +0 club.
   591 | D:1      | 591 ||| Stepping ~*~*~tactically~*~*~ (hiding).
   607 | D:1      | Reached skill level 3 in Axes
   610 | D:1      | Reached XP level 3. HP: 10/23 MP: 3/3
   926 | D:1      | 926 ||| Stepping ~*~*~tactically~*~*~ (hiding).
  1235 | D:1      | 1235 ||| UPGRADING to +1 cloak.
  1240 | D:1      | 1240 ||| UPGRADING to amulet of reflection.
  1245 | D:1      | 1245 ||| DROPPING ring of flight.
  1246 | D:1      | 1246 ||| UPGRADING to ring of see invisible.
  1247 | D:1      | 1247 ||| READING 4 scrolls labelled YSUEXOSEQI.
  1250 | D:1      | 1250 ||| READING scroll labelled WARCHI PIXUAZA.
  1251 | D:1      | 1251 ||| READING scroll labelled HYPIOT RUAPPA.
  1265 | D:2      | 1265 ||| STAIRDANCE
  1303 | D:2      | 1303 ||| Stepping ~*~*~tactically~*~*~ (stealth).
  1309 | D:2      | 1309 ||| Stepping ~*~*~tactically~*~*~ (stealth).
  1318 | D:2      | Noticed Natasha
  1319 | D:2      | 1319 ||| Stepping ~*~*~tactically~*~*~ (hiding).
  1328 | D:2      | Killed Natasha
  1329 | D:2      | Reached XP level 4. HP: 14/28 MP: 4/4
  1377 | D:2      | Reached skill level 4 in Axes
  1388 | D:2      | Noticed Natasha
  1397 | D:2      | HP: 3/28 [Natasha (8)]
  1398 | D:2      | 1398 ||| READING 3 scrolls of teleportation.
  1399 | D:2      | Killed from afar by Natasha

Levels and vault maps discovered:
D:1:      nicolae_arrival_washed_ashore, layout_loops_ring, minmay_pentomino_x2
D:2:      layout_loops_cross, hellmonk_ecumenical_altar_inner_sanctum,
          serial_shops, nicolae_shop_temple_entry_statues_fountains,
          nicolae_shop_unique_rings, serial_park_tiny_1, uniq_natasha

Skill      XL: |  1  2  3  4 |
---------------+-------------+-----
Axes           | 2 3 4 |  4.0
Fighting       | |  3.2
Armour         | |  3.2
Shields        | |  3.2

Action                   |  1- 3 |  4- 6 || total
-------------------------+-------+-------++-------
Melee: War axe           |    88 |    18 ||   106
  Use: Scroll            |     3 |     1 ||     4
Armor: Scale mail        |    47 |    23 ||    70
Dodge: Dodged            |    37 |    12 ||    49
Block: Buckler           |    18 |    16 ||    34

Table legend:
 A = Non-vault XP
 B = Vault XP
 C = Vault XP percentage of total XP
 D = Non-vault monster count
 E = Vault monster count
 F = Vault count percentage of total count
                 A         B        C        D         E       F
            +---------+---------+-------+---------+---------+-------
      Total |      61 |      42 |  40.8 |      32 |       3 |   8.6
            +---------+---------+-------+---------+---------+-------
        D:1 |      48 |       6 |  11.1 |      26 |       2 |   7.1
        D:2 |      13 |      36 |  73.5 |       6 |       1 |  14.3
            +---------+---------+-------+---------+---------+-------
